 Dungeon Crawl Stone Soup version 0.31-a0-221-gbddc013574 (webtiles) character file.

Game seed: 13992318242687305506

259 reriks the Magician (level 5, 0/28 HPs)
             Began as a Deep Elf Venom Mage on July 4, 2023.
             Slain by an ogre
             ... wielding a +0 giant club
              (28 damage)
             ... on level 4 of the Dungeon.
             The game lasted 00:08:46 (5558 turns).

reriks the Magician (Deep Elf Venom Mage)           Turns: 5558, Time: 00:08:46

Health: 0/28       AC:  3    Str:  5    XL:     5   Next: 95%
Magic:  5/14       EV: 13    Int: 22    God:
Gold:   62         SH:  0    Dex: 15    Spells: 6/13 levels left

rFire   . . .        o - +2 dagger (venom)
rCold   . . .        (no shield)
rNeg    . . .        a - +1 robe
rPois   +            (no helmet)
rElec   .            (no cloak)
rCorr   .            (no gloves)
SInv    .            (no boots)
Will    .....        (no amulet)
Stlth   +++          k - ring of poison resistance
HPRegen 0.24/turn    (no ring)
MPRegen 0.14/turn

%: no passive effects
@: no status effects
A: no striking features
a: no special abilities


You were on level 4 of the Dungeon.
You visited 1 branch of the dungeon, and saw 4 of its levels.

You collected 62 gold pieces.

Inventory:

Hand Weapons
 c - a +0 dagger
 o - a +2 dagger of venom (weapon)
Armour
 a - a +1 robe (worn)
Jewellery
 k - a ring of poison resistance (left hand)
Wands
 m - a wand of charming (11)
Scrolls
 j - 4 scrolls of teleportation
Potions
 b - a potion of magic
 d - a potion of attraction
 e - a potion of degeneration {unknown}
 g - a potion of cancellation {unknown}
 i - a potion of berserk rage {unknown}
 n - a potion of enlightenment {unknown}


   Skills:
 + Level 3.9 Dodging
 + Level 4.2 Stealth
 * Level 4.6 Spellcasting
 * Level 2.9 Transmutations
 * Level 4.3 Poison Magic


You had 6 spell levels left.
You knew the following spells:

 Your Spells              Type           Power      Damage    Failure   Level
a - Sting                 Tmut/Pois      84%        1d7       2%          1
b - Poisonous Vapours     Pois/Air       28%        N/A       6%          2
c - Olgreb's Toxic Radia  Pois           24%        N/A       17%         4

Your spell library contained the following spells:

 Spells                   Type           Power      Damage    Failure   Level
 Sublimation of Blood     Necr           5%         N/A       16%         2
 Mephitic Cloud           Conj/Pois/Air  11%        N/A       17%         3
 Petrify                  Tmut/Erth      11%        N/A       50%         4
 Irradiate                Conj/Tmut      5%         3d13      85%         5


Dungeon Overview and Level Annotations

Branches:
Dungeon (4/15)
 Temple: D:4-7

Altars:


Message History

Press: ? - help, Dir - move target, f - ogre
Aim: an ogre, wielding a +0 giant club (asleep) Poisonous vapours surround the ogre!
The ogre is poisoned.
Casting: Poisonous Vapours (safe; 6% risk of failure)
Confirm with . or Enter, or press ? or * to list all spells.
Aiming: Poisonous Vapours (safe; 6% risk of failure)
Press: ? - help, Dir - move target, f/p - ogre
Aim: an ogre, wielding a +0 giant club (poisoned) Poisonous vapours surround the ogre!
The ogre looks even sicker.
Casting: Poisonous Vapours (safe; 6% risk of failure)
Confirm with . or Enter, or press ? or * to list all spells.
Aiming: Poisonous Vapours (safe; 6% risk of failure)
Press: ? - help, Dir - move target, f/p - ogre
Aim: an ogre, wielding a +0 giant club (very poisoned) Poisonous vapours surround the ogre!
The ogre looks even sicker.
Casting: Poisonous Vapours (safe; 6% risk of failure)
Confirm with . or Enter, or press ? or * to list all spells.
Aiming: Poisonous Vapours (safe; 6% risk of failure)
Press: ? - help, Dir - move target, f/p - ogre
Aim: an ogre, wielding a +0 giant club (lightly wounded, very poisoned)
You miscast Poisonous Vapours.
You are very lightly contaminated with residual magic.
Nothing appears to happen.
Your magical contamination has completely faded away.
The ogre looks more healthy.
Casting: Poisonous Vapours (safe; 6% risk of failure)
Confirm with . or Enter, or press ? or * to list all spells.
Aiming: Poisonous Vapours (safe; 6% risk of failure)
Press: ? - help, Dir - move target, f/p - ogre
Aim: an ogre, wielding a +0 giant club (almost dead) Poisonous vapours surround the ogre!
The ogre is poisoned.
Casting: Poisonous Vapours (safe; 6% risk of failure)
Confirm with . or Enter, or press ? or * to list all spells.
Aiming: Poisonous Vapours (safe; 6% risk of failure)
Press: ? - help, Dir - move target, f/p - ogre
Aim: an ogre, wielding a +0 giant club (almost dead, poisoned) Poisonous vapours surround the ogre!
The ogre looks even sicker.
The ogre hits you with a +0 giant club!!
Ouch! That really hurt!
You die...

...... #.# #.###.# #.#.###.#
#.# #.# #.......# #.###.#
###'##### #.....# ##...##
###.### # ##.....## ####.# ##
##.......## ##.##.#
.####.........####...#.######.
..^.+.........+.@O.........[..
.####.........####...#.#######
## ##.......## ##.##.# ##
##.....## ####.# .# ##...#####
#.# .# #......... ####.# .#
#.#.#####. #....#
.######.#.### #. #.####
............# #. #.#


You could see an ogre (very poisoned).

Vanquished Creatures
  A centaur (D:3)
  Natasha (thrice) (D:2)
  Terence (D:2)
  2 adders (D:2)
  A worm (D:2)
  3 dart slugs
  7 endoplasms
  4 giant cockroaches
  5 goblins
  8 hobgoblins
  2 jackals (D:3)
  2 quokkas (D:1)
  4 ball pythons
  5 bats
  A frilled lizard (D:1)
  6 kobolds
  5 rats
60 creatures vanquished.

Notes
Turn   | Place    | Note
-------+----------+-------------------------------------------
     0 | D:1      | reriks the Deep Elf Venom Mage began the quest for the Orb.
     0 | D:1      | Reached XP level 1. HP: 10/10 MP: 6/6
   242 | D:1      | Reached XP level 2. HP: 15/15 MP: 6/8
   246 | D:1      | Learned a level 2 spell: Poisonous Vapours
  1593 | D:1      | Reached XP level 3. HP: 19/19 MP: 6/9
  2189 | D:2      | Noticed Natasha
  2204 | D:2      | Killed Natasha
  2442 | D:2      | Noticed Terence
  2464 | D:2      | Killed Terence
  2465 | D:2      | Reached XP level 4. HP: 24/24 MP: 6/11
  3158 | D:2      | Noticed Natasha
  3257 | D:2      | Killed Natasha
  3548 | D:2      | Noticed Natasha
  3564 | D:2      | Killed Natasha
  3565 | D:2      | Reached XP level 5. HP: 7/28 MP: 2/13
  3898 | D:3      | Noticed a centaur
  3910 | D:3      | Killed a centaur
  5012 | D:3      | Found a faded altar of an unknown god.
  5081 | D:3      | Learned a level 4 spell: Olgreb's Toxic Radiance
  5531 | D:4      | Noticed an ogre
  5558 | D:4      | Slain by an ogre

Illustrated notes

Levels and vault maps discovered:
D:1:      minmay_arrival_three_doors, layout_loops_ring
D:2:      layout_basic, uniq_terence, uniq_natasha
D:3:      layout_basic, shapermc_ecumenical_altar_mp_ritualfount,
          glass_columns_b
D:4:      layout_loops_corners, lightli_ossuary_entry_decrepit_ruins,
          minmay_door_square, grunt_ministairs_8

Skill      XL: |  1  2  3  4  5 |
---------------+----------------+-----
Stealth        | 3 4 |  4.2
Dodging        | 3 |  3.9
Transmutations | 2 |  2.9
Spellcasting   | 4 |  4.6
Poison Magic   | 4 |  4.3

Action                     |  1- 3 |  4- 6 || total
---------------------------+-------+-------++-------
  Melee: Dagger            |     7 |    10 ||    17
   Cast: Sting             |    23 |     5 ||    28
         Poisonous Vapours |    48 |    72 ||   120
    Use: Scroll            |       |     6 ||     6
 Armour: Robe              |     6 |     8 ||    14
  Dodge: Dodged            |    28 |    20 ||    48

Table legend: (Time is in decaauts)
 A = Elapsed time spent in this place.
 B = Non-inter-level travel time spent in this place.
 C = Inter-level travel time spent in this place.
 D = Time resting spent in this place.
 E = Time spent auto-exploring this place.
 F = Levels seen in this place.
 G = Mean time per level.
                   A        B        C        D        E       F      G
               +--------+--------+--------+--------+--------+-----+--------+
         Total |   5568 |   5091 |    477 |   2261 |   2114 |   4 | 1392.0 |
       Dungeon |   5568 |   5091 |    477 |   2261 |   2114 |   4 | 1392.0 |
               +--------+--------+--------+--------+--------+-----+--------+

Top non-repeatable levels by time:
     D:2: 2419 daAuts
     D:1: 1722 daAuts
     D:3: 1291 daAuts
     D:4: 134 daAuts
